AoeStats
← blaswichj

Arabia

509976257Analyzed
1v1 RM · 4d ago on Sep 28, 2026· 26m 7s· 2 players
Game mode
Random Map
Map size
Tiny (2 player)
Population
200
Speed
Normal
Resources
Standard
Victory
Conquest
Starting age
Dark Age
Ending age
Imperial Age
RankedLock teamsTeams togetherTeam positionsShared explorationLock speedFull tech treeHidden civsTurbo modeCheats
Victory
Defeat
🇷🇴 Romans · Romania
746
+16
🇻🇪 Berbers · Venezuela
736
-38
blaswichj
10:16 Feudal Age
9:30 Loom
10:58 Double-Bit Axe
14:09 Wheelbarrow
13:31 Gold Mining
15:35 Town Watch
18:45 Fletching
18:55 Padded Archer Armor
25:16 Castle Age
lemessia10
7:23 Loom
10:21 Feudal Age
10:51 Double-Bit Axe
12:06 Fletching
15:28 Horse Collar
23:37 Castle Age
24:15 Crossbowman
24:16 Elite Skirmisher
Connection lost

Rejoining the realm…

Still unreachable

The connection could not be restored.

Session expired

The server has moved on; the page needs a fresh start.